 Dungeon Crawl Stone Soup version 0.28-a0-1447-ga5a8893891 (webtiles) character file.

Game seed: 1742073331384606391

556314 gimp the Hoplite (level 26, -6/167 (199) HPs)
             Began as a Hill Orc Fighter on Jan 10, 2022.
             Was a Priest of Zin.
             Collided with a starcursed mass (20 damage)
             ... caused by a wretched star
             ... on level 4 of the Abyss.
             The game lasted 02:06:12 (79944 turns).

gimp the Hoplite (Hill Orc Fighter)                Turns: 79944, Time: 02:06:12

HP:   -6/167 (199)  AC: 40    Str: 36      XL:     26   Next: 48%
MP:   28/29         EV: 14    Int: 17 (18) God:    Zin [***...]
Gold: 2233          SH: 34    Dex: 21      Spells: 25/25 levels left

rFire   + + .      SeeInvis +   a - +9 broad axe (flame)
rCold   + + +      Faith    .   E - +8 tower shield {rC+}
rNeg    . . .      Spirit   .   W - +9 scales of the Dragon King {rPois rF+ rC+ Will+}
rPois   ∞          Reflect  .   O - +1 helmet {Int+3}
rElec   .          Harm     .   m - scarf {shadows}
rCorr   +          Rampage  .   y - +1 pair of gloves of Fortitude {rCorr Dex+6}
Will    ++...      Rnd*Tele +   o - +1 pair of boots of the Zebra {Drain rC+ Int+2}
Stlth   ..........              Q - amulet "Naifo" {Regen+ Slay+3}
HPRegen 0.00/turn               I - ring of see invisible
MPRegen 0.21/turn               n - ring of protection from fire

@: vitalised, on recite cooldown, sick, studying 2 skills, heavily drained
A: dopey 1, [clumsy 2], [frail 2], [low mp 2], [teleportitis 2]
}: 3/15 runes: decaying, slimy, gossamer
a: Renounce Religion, Recite, Vitalisation, Imprison, Donate Gold


You were on level 4 of the Abyss.
You worshipped Zin.
Zin was most pleased with you.
You visited 11 branches of the dungeon, and saw 51 of its levels.
You visited the Abyss 4 times.
You also visited: Ossuary, Bailey, Ice Cave and Wizlab.

You collected 7388 gold pieces.
You spent 2803 gold pieces at shops.
You donated 2352 gold pieces to Zin.

Inventory:

Hand Weapons
 a - a +9 broad axe of flaming (weapon)
 b - a +5 vorpal broad axe
Missiles
 u - 25 curare-tipped darts
 A - 202 poisoned darts
 B - a throwing net
 T - 19 javelins (quivered)
 V - 17 silver javelins
Armour
 m - a scarf of shadows (worn)
 o - the +1 pair of boots of the Zebra (worn) {Drain rC+ Int+2}
   (Okawaru gifted it to you on level 2 of the Depths)

   Int:       It affects your intelligence (+2).
   rC:        It protects you from cold.
   Drain:     It drains your maximum health when unequipped.
 y - the +1 pair of gloves of Fortitude (worn) {rCorr Dex+6}
   (Okawaru gifted it to you on level 4 of the Spider Nest)

   Dex:       It affects your dexterity (+6).
   rCorr:     It protects you from acid and corrosion.
 E - a +8 tower shield of cold resistance (worn)
 M - the +2 hat of the Bear Spirit {Spirit, *Rage Will++}
   (You found it on level 3 of the Elven Halls)

   Going berserk makes the wearer tougher, and they're slowed less afterward.
   *Rage:     It berserks you when you make melee attacks (+20% chance).
   Will:      It greatly increases your willpower.
 O - a +1 helmet of intelligence (worn)
 U - the +0 plate armour of Voymud {rElec Regen+ Int+3 SInv}
   (You found it on level 5 of the Pits of Slime)

   Int:       It affects your intelligence (+3).
   rElec:     It insulates you from electricity.
   SInv:      It lets you see invisible.
   Regen:     It increases your rate of health regeneration.
 W - the +9 scales of the Dragon King (worn) {rPois rF+ rC+ Will+}
   (You found it on level 6 of the Lair of Beasts)

   rF:        It protects you from fire.
   rC:        It protects you from cold.
   rPois:     It protects you from poison.
   Will:      It increases your willpower.
Jewellery
 n - a ring of protection from fire (right hand)
 I - a ring of see invisible (left hand)
 L - a ring of flight
 Q - the amulet "Naifo" (around neck) {Regen+ Slay+3}
   (You found it on level 1 of the Lair of Beasts)

   [amulet of regeneration]

   Slay:      It affects your accuracy & damage with ranged weapons and melee
   (+3).
   Regen:     It increases your rate of health regeneration.
 S - the amulet of Ymodathre {Reflect -Cast rPois Str+2 Dex+4 SH+5}
   (You took it off a deep elf blademaster on level 3 of the Elven Halls)

   [amulet of reflection]

   It reflects blocked missile attacks.
   Str:       It affects your strength (+2).
   Dex:       It affects your dexterity (+4).
   rPois:     It protects you from poison.
   -Cast:     It prevents spellcasting.
   SH:        It affects your SH (+5).
Wands
 c - a wand of flame (94)
 z - a wand of iceblast (67)
 F - a wand of digging (13)
 H - a wand of charming (6)
 K - a wand of acid (24)
 P - a wand of paralysis (18)
 R - a wand of mindburst (64)
Scrolls
 g - 27 scrolls of teleportation
 h - a scroll of silence
 i - 2 scrolls of enchant armour
 j - a scroll of summoning
 p - 10 scrolls of fog
 s - 5 scrolls of blinking
 w - 4 scrolls of holy word
 C - 12 scrolls of fear
 G - 4 scrolls of magic mapping
Potions
 d - 5 potions of might
 e - 13 potions of ambrosia
 f - 3 potions of resistance
 q - 4 potions of invisibility
 r - 5 potions of cancellation
 t - 9 potions of flight
 v - 3 potions of magic
 x - 15 potions of heal wounds
 D - 10 potions of curing
 J - 9 potions of haste
 N - 7 potions of mutation
Miscellaneous
 k - a tin of tremorstones (2/2)
 l - a phial of floods
 Z - a lightning rod (4/4)


   Skills:
 + Level 22.8 Fighting
 - Level 20.0 Axes
 - Level 16.0 Throwing
 - Level 20.0 Armour
 - Level 10.0 Dodging
 - Level 25.0 Shields
 + Level 19.7 Invocations
 - Level 15.0 Evocations


You had 25 spell levels left.
You didn't know any spells.
Your spell library contained the following spells:

 Spells                   Type           Power      Damage    Failure   Level
 Animate Skeleton         Necr           0%         N/A       90%         1
 Beastly Appendage        Tmut           0%         N/A       90%         1
 Pain                     Necr           0%         1d4       90%         1
 Shock                    Conj/Air       0%         1d3       90%         1
 Blink                    Tloc           0%         N/A       97%         2
 Corpse Rot               Necr/Air       0%         N/A       97%         2
 Ensorcelled Hibernation  Hex/Ice        0%         N/A       97%         2
 Passwall                 Tmut/Erth      0%         N/A       97%         2
 Static Discharge         Conj/Air       0%         N/A       97%         2
 Sublimation of Blood     Necr           0%         N/A       97%         2
 Wereblood                Tmut           0%         N/A       97%         2
 Call Canine Familiar     Summ           0%         N/A       99%         3
 Confusing Touch          Hex            0%         N/A       99%         3
 Conjure Flame            Conj/Fire      0%         6-21      99%         3
 Dazzling Flash           Conj/Hex       0%         N/A       99%         3
 Gell's Gravitas          Tloc           0%         N/A       99%         3
 Ignite Poison            Fire/Tmut/Pois 0%         N/A       99%         3
 Lesser Beckoning         Tloc           0%         N/A       99%         3
 Mephitic Cloud           Conj/Pois/Air  0%         N/A       99%         3
 Ozocubu's Armour         Ice            0%         N/A       99%         3
 Portal Projectile        Hex/Tloc       0%         N/A       99%         3
 Spider Form              Tmut/Pois      0%         N/A       99%         3
 Summon Guardian Golem    Hex/Summ       0%         N/A       99%         3
 Swiftness                Air            0%         N/A       99%         3
 Teleport Other           Tloc           0%         N/A       99%         3
 Tukima's Dance           Hex            0%         N/A       99%         3
 Vampiric Draining        Necr           0%         2d6       99%         3
 Airstrike                Air            0%         N/A       100%        4
 Anguish                  Hex/Necr       0%         N/A       100%        4
 Cause Fear               Hex            0%         N/A       100%        4
 Dispel Undead            Necr           0%         3d6       100%        4
 Fulminant Prism          Conj/Hex       0%         3d6       100%        4
 Hailstorm                Conj/Ice       0%         3d3       100%        4
 Ice Form                 Ice/Tmut       0%         N/A       100%        4
 Iskenderun's Mystic Bla  Conj/Tloc      0%         2d3       100%        4
 Leda's Liquefaction      Hex/Erth       0%         N/A       100%        4
 Passage of Golubria      Tloc           0%         N/A       100%        4
 Petrify                  Tmut/Erth      0%         N/A       100%        4
 Sticky Flame             Conj/Fire      0%         2d3       100%        4
 Agony                    Necr           0%         N/A       100%        5
 Alistair's Intoxication  Tmut/Pois      0%         N/A       100%        5
 Blade Hands              Tmut           0%         N/A       100%        5
 Borgnjor's Vile Clutch   Necr/Erth      0%         N/A       100%        5
 Excruciating Wounds      Necr           0%         N/A       100%        5
 Fireball                 Conj/Fire      0%         3d3       100%        5
 Freezing Cloud           Conj/Ice/Air   0%         6-21      100%        5
 Irradiate                Conj/Tmut      0%         3d13      100%        5
 Iskenderun's Battlesphe  Conj           0%         2d6       100%        5
 Lee's Rapid Deconstruct  Erth           0%         3d5*      100%        5
 Lightning Bolt           Conj/Air       0%         1d11      100%        5
 Manifold Assault         Tloc           0%         N/A       100%        5
 Metabolic Englaciation   Hex/Ice        0%         N/A       100%        5
 Silence                  Hex/Air        0%         N/A       100%        5
 Conjure Ball Lightning   Conj/Air       0%         3x3d6     100%        6
 Death Channel            Necr           0%         N/A       100%        6
 Dispersal                Tloc           0%         N/A       100%        6
 Eringya's Noxious Bog    Tmut/Pois      0%         N/A       100%        6
 Iron Shot                Conj/Erth      0%         9d1       100%        6
 Simulacrum               Ice/Necr       0%         N/A       100%        6
 Starburst                Conj/Fire      0%         6d3       100%        6
 Dragon Form              Tmut           0%         N/A       100%        7
 Enfeeble                 Hex            0%         N/A       100%        7
 Orb of Destruction       Conj           0%         N/A       100%        7
 Ozocubu's Refrigeration  Ice            0%         4d5       100%        7
 Spellforged Servitor     Conj/Summ      0%         N/A       100%        7
 Summon Hydra             Summ           0%         N/A       100%        7
 Borgnjor's Revivificati  Necr           0%         N/A       100%        8
 Discord                  Hex            0%         N/A       100%        8
 Disjunction              Tloc           0%         N/A       100%        8
 Ignition                 Fire           0%         3d3       100%        8
 Maxwell's Capacitive Co  Air            0%         ∞         100%        8
 Necromutation            Tmut/Necr      0%         N/A       100%        8
 Chain Lightning          Conj/Air       0%         N/A       100%        9
 Death's Door             Necr           0%         N/A       100%        9
 Dragon's Call            Summ           0%         N/A       100%        9
 Fire Storm               Conj/Fire      0%         5d1       100%        9
 Shatter                  Erth           0%         3d5*      100%        9


Dungeon Overview and Level Annotations

Branches:
Dungeon (15/15)            Temple (1/1) D:4            Lair (6/6) D:9
  Swamp (4/4) Lair:4       Spider (4/4) Lair:4        Slime (5/5) Lair:5
    Orc (2/2) D:12            Elf (3/3) Orc:2        Vaults (4/5) D:13
  Crypt (3/3) Vaults:2       Tomb (0/3) Crypt:3      Depths (4/4) D:15
    Zot (0/5) Depths:4    Ossuary (visited)          Bailey (visited)
  IceCv (visited)          WizLab (visited)

Altars:
Ashenzari
Cheibriados
Dithmenos
Elyvilon
Fedhas
Gozag
Hepliaklqana
Kikubaaqudgha
Makhleb
Nemelex Xobeh
Okawaru
Qazlal
Ru
Sif Muna
Trog
Uskayaw
Vehumet
Wu Jian
Xom
Yredelemnul
Zin
The Shining One
Beogh
Jiyva

Shops:
D:2 [   D:9 =   Orc:2 [!:*   Elf:2 !   Vaults:2 *   Vaults:4 !   Depths:1 [
Depths:2 (*:   Depths:4 ==:

Portals:
Hell: Depths:1 Depths:2 Depths:3 Depths:4
Abyss: Depths:2 Depths:3
Pandemonium: Depths:2
Ziggurat: Depths:3
Trove: Vaults:3 (show abyssal rune of Zot)

Annotations:
D:2 1 runed translucent door, Crazy Yiuf
D:7 2 runed translucent doors
D:10 exclusions: ice statue and orange crystal statue
Depths:2 1 runed translucent door


Innate Abilities, Weirdness & Mutations

You are dopey. (Int -2)
[You are very clumsy. (Dex -4)]
[You are very frail. (-20% HP)]
[Your magical capacity is very low. (-20% MP)]
[You are sometimes teleported next to monsters.]


Message History

The thrashing horror tramples you but does no damage.
You slice the starcursed mass!! You burn the starcursed mass.
You destroy the starcursed mass!
That felt strangely unrewarding.
You slice the starcursed mass!! You burn the starcursed mass.
You destroy the starcursed mass!
That felt strangely unrewarding.
You slice the wretched star!! You burn the wretched star.
You slash the thrashing horror! You burn the thrashing horror.
You barely miss the thrashing horror.
The wretched star is seared!
You block the thrashing horror's attack. x2
The thrashing horror tramples you!
* * * LOW HITPOINT WARNING * * *
You hold your ground!
You block the thrashing horror's attack.
The raiju bursts into living lightning!
The living lightning hits you!
* * * LOW HITPOINT WARNING * * *
The living lightning hits the thrashing horror.
The thrashing horror resists.
The thrashing horror is destroyed!
The raiju blinks!
The thrashing horror barely misses you.
The thrashing horror tramples you but does no damage.
A raiju comes into view.
You take 19 damage, and have 10/167 hp.
Okay, then.
You feel much better.
The wretched star is seared!
You block the thrashing horror's attack. x2
The thrashing horror tramples you but does no damage.
You block the thrashing horror's attack.
A raiju comes into view.
A chorus of shrieks assaults your mind.
* * * LOW HITPOINT WARNING * * *
The wretched star glows turbulently.
The lance of force hits you.
* * * LOW HITPOINT WARNING * * *
You are knocked back by the lance of force.
You collide with the starcursed mass!
The starcursed mass is moderately damaged.
You die...

.. .
##.≈hh.Z...
...... W..
#...§ #h#
##..#.#..####
......X)....##
....≈.X#.....#
.....*.@X≈...#
#.....hXX....#
#####.#.†.#.##
#....∩†.#...
##......... .
##..#.....#.
###.#.###..#
...#### ..
#.#...# .


You could see 3 starcursed masses, a wretched star (corona), 2 thrashing horrors
and 3 raiju.

Vanquished Creatures
  the Royal Jelly (Slime:5)
  2 dread liches
  2 ancient liches
  A juggernaut (Depths:2)
  Sojobo (Arena)
  Boris (Depths:3)
  Xtahua (Depths:3)
  A curse toe (Crypt:3)
  A golden dragon (Depths:4)
  The ghost of Faniseus the Gelid, a veteran VSFi of Nemelex Xobeh (Crypt:3)
  2 profane servitors
  Nikola (Swamp:2)
  the Enchantress (Depths:3)
  6 bone dragons
  A tentacled monstrosity (Depths:4)
  Jorgrun (Spider:1)
  A walking crystal tome (Depths:3)
  8 liches
  22 acid blobs
  8 deep elf master archers
  19 titans
  A quicksilver dragon (Depths:3)
  8 deep elf blademasters
  8 ancient champions
  19 tentacled starspawn
  Gastronok (Lair:3)
  An Executioner (Abyss:3)
  The ghost of Urgle the Blocker, an adept GnFi of Cheibriados (Elf:1)
  7 sphinxes
  The ghost of grumblor the Severer, an adept DDBe of Trog (Elf:1)
  Kirke (Spider:4)
  3 revenants
  A draconian monk (Depths:4)
  3 shadow dragons
  8 tengu reavers
  2 thorn hunters
  8 azure jellies
  A draconian knight (Depths:4)
  A storm dragon (Depths:2)
  14 fire giants
  10 rockslimes
  4 emperor scorpions
  6 fenstrider witches
  An iron dragon (Depths:2)
  3 orc warlords
  A rockslime (shapeshifter) (Depths:4)
  10 deep elf sorcerers
  A daeva (Abyss:3)
  16 frost giants
  8 vault wardens
  3 cacodemons
  5 spectral caustic shrikes (Depths:3)
  A balrug (Abyss:1)
  Louise (Elf:1)
  17 ironbound preservers
  3 deep elf elementalists (Elf:3)
  Aizul (Depths:2)
  A juggernaut zombie (Abyss:3)
  2 curse skulls (Crypt:1)
  10 ghouls
  29 very ugly things
  5 angels
  7 quicksilver oozes
  7 spriggan defenders
  6 ghost moths
  4 war gargoyles
  A broodmother (Spider:3)
  4 reapers
  2 green draconians
  2 ophanim (Abyss:3)
  Nessos (D:13)
  6 ironbound thunderhulks
  4 caustic shrike skeletons (Crypt:3)
  8 vampire knights
  24 stone giants
  8 deep elf demonologists
  8 purple draconians
  4 black draconians
  3 spark wasps
  6 red draconians
  13 eleionomae
  10 deep elf annihilators
  2 bunyips
  7 entropy weavers
  5 dire elephants (Vaults:3)
  5 white draconians
  4 yellow draconians
  A spectral quicksilver dragon (Crypt:3)
  6 eidola
  4 ettins
  5 jiangshi
  9 deep elf death magi
  12 great orbs of eyes
  A spectral golden dragon (Crypt:3)
  2 crystal guardians (Vaults:4)
  6 shambling mangroves
  7 deep elf high priests (Elf:3)
  3 fire dragons
  A great orb of eyes (shapeshifter) (Elf:3)
  26 hydras
  3 naga warriors (Abyss:2)
  Erolcha (D:13)
  10 rakshasas
  A jorogumo (Spider:4)
  A merfolk avatar (Lair:6)
  4 peacekeepers
  2 spriggan air magi (Depths:3)
  11 yaktaur captains
  3 ice dragons
  4 ogre magi
  11 vault guards
  Erica (Lair:2)
  A radroach (Spider:4)
  4 boulder beetles
  A catoblepas (Lair:4)
  4 spriggan skeletons (Crypt:3)
  10 ironbound frosthearts
  A ghost crab (Swamp:2)
  15 centaur warriors
  10 two-headed ogres
  6 alligators
  31 dancing weapons
  4 hell hogs
  8 deep troll shamans
  5 satyrs (WizLab)
  13 deep troll earth magi
  2 death knights
  3 naga sharpshooters (WizLab)
  7 vampire magi
  3 orc high priests
  A tengu warrior (D:13)
  29 thrashing horrors
  A storm dragon zombie (Crypt:3)
  4 spriggan berserkers
  Sonja (Lair:5)
  27 deep elf knights
  15 wretched stars
  9 titan skeletons
  A soul eater (Crypt:3)
  4 pharaoh ants
  10 hell knights
  12 iron trolls
  4 sixfirhies
  4 sun demons
  6 shadow wraiths
  2 sun moths
  2 quicksilver dragon simulacra (Crypt:3)
  24 skeletal warriors
  60 deep trolls
  2 goliath frogs
  6 glowing orange brains
  2 sea snakes (Lair:6)
  6 steelbarb worms
  6 flayed ghosts
  3 spatial maelstroms
  A salamander mystic (Depths:4)
  A shadow demon (Abyss:1)
  8 swamp dragons
  20 ironbound convokers
  2 spriggan druids (Swamp:4)
  12 phantasmal warriors
  12 orb spiders
  19 wizards
  7 bog bodies
  10 harpies
  A golden dragon skeleton (D:15)
  Pikel (D:4)
  29 deep elf archers
  39 deep elf pyromancers
  10 lindwurms
  33 deep elf zephyrmancers
  13 orc knights
  2 anaconda skeletons
  13 necromancers
  4 orc sorcerers (Orc:2)
  2 shining eyes
  An oklob plant (WizLab)
  46 ugly things
  A stone giant zombie (D:15)
  2 sphinx zombies (Depths:2)
  9 worldbinders
  2 manticores
  21 wolf spiders
  7 elephants (Lair:6)
  7 cyclopes
  4 moths of wrath (Spider:4)
  4 fauns (WizLab)
  A cyclops (shapeshifter) (D:13)
  A frost giant zombie (D:15)
  9 will-o-the-wisps
  A dire elephant zombie (Abyss:4)
  9 black mambas
  2 iron dragon skeletons
  5 salamanders
  2 guardian serpents (Abyss:2)
  A rust devil (Abyss:3)
  A stone giant skeleton (Crypt:3)
  6 torpor snails
  17 cane toads
  An ice statue (IceCv)
  3 apocalypse crabs
  24 vault sentinels
  3 eyes of devastation
  12 smoke demons
  A human zombie (Vaults:2)
  3 unseen horrors
  Maggie (D:7)
  6 demonic crawlers
  7 orange demons
  6 kobold demonologists
  A tormentor (Abyss:4)
  3 rime drakes
  A hellion (Abyss:4)
  23 yaktaurs
  3 ice devils
  A tengu conjurer (D:14)
  3 efreet
  7 komodo dragons
  A catoblepas zombie (Abyss:1)
  5 freezing wraiths
  25 ancient zymes
  An entropy weaver simulacrum (IceCv)
  A spectral harpy (Crypt:3)
  A golden dragon simulacrum (Crypt:3)
  5 anaconda simulacra
  A hellwing (Abyss:4)
  2 guardian mummies (D:15)
  A green draconian skeleton (Crypt:1)
  2 trolls (shapeshifter)
  4 polar bears (Lair:3)
  9 meliai
  A queen bee (shapeshifter) (Abyss:4)
  34 hornets
  A meliai (shapeshifter) (Abyss:4)
  A bloated husk (Swamp:2)
  26 tarantellas
  7 trolls
  A wind drake (Lair:6)
  A harpy skeleton (Crypt:3)
  39 raiju
  A raiju (shapeshifter) (D:13)
  A shadow dragon simulacrum (Crypt:3)
  31 blink frogs
  A tyrant leech (Swamp:1)
  An iron dragon simulacrum (Depths:2)
  A stone giant simulacrum (Crypt:3)
  A snapping turtle (Lair:6)
  Sigmund (D:5)
  5 dream sheep (Lair:6)
  87 slime creatures
  9 flying skulls
  2 air elementals
  A merfolk skeleton (Crypt:3)
  21 spriggans
  A centaur simulacrum (Abyss:3)
  An ettin skeleton (Crypt:3)
  52 large abominations
  A vampire (D:12)
  17 culicivoras
  28 jumping spiders
  A shadow (Abyss:2)
  10 ynoxinuls
  A black mamba zombie (Crypt:2)
  Eustachio (D:6)
  A dire elephant simulacrum (IceCv)
  10 wraiths
  92 yaks
  An ice dragon skeleton (Crypt:3)
  2 alligator skeletons
  3 wyverns
  A fire dragon skeleton (Crypt:3)
  A human (Swamp:3)
  4 basilisks
  4 fire bats (Abyss:4)
  3 hogs (Spider:4)
  A black mamba skeleton (Crypt:1)
  4 fire elementals
  17 golden eyes
  A human (shapeshifter) (D:14)
  43 redbacks
  2 steam dragons
  9 chaos spawn
  6 spatial vortices
  19 vampire mosquitoes
  2 death yak simulacra (IceCv)
  8 neqoxecs
  Menkaure (D:5)
  19 swamp worms
  6 wargs
  8 hell hounds
  Duvessa (D:4)
  14 water moccasins
  A water nymph skeleton (Crypt:2)
  7 swamp drakes
  2 naga skeletons (Crypt:3)
  A black bear (Lair:1)
  2 ice beasts
  2 ogre skeletons
  31 orc warriors
  2 sky beasts
  2 necrophages (Crypt:3)
  82 starcursed masses
  A wolf (shapeshifter) (Abyss:4)
  An ettin simulacrum (Crypt:3)
  14 ogres
  12 centaurs
  30 wolves
  A hog zombie (Crypt:1)
  A lemure (D:4)
  12 kobold brigands
  4 two-headed ogre simulacra (IceCv)
  Blork the orc (D:5)
  13 bullfrogs
  A salamander zombie (Crypt:2)
  2 scorpions (D:5)
  An elf zombie (Crypt:2)
  A gnoll sergeant (D:10)
  An earth elemental (Elf:3)
  A cane toad simulacrum (IceCv)
  An elf skeleton (Crypt:1)
  3 wyvern skeletons
  A spriggan zombie (Crypt:1)
  A water moccasin skeleton (Crypt:2)
  Dowan (D:4)
  4 elephant simulacra (IceCv)
  7 killer bees
  25 wights
  2 electric eels
  3 howler monkeys
  5 centaur zombies
  5 hounds
  7 quasits
  2 iron imps (Abyss:3)
  4 jellies
  19 orc priests
  4 bullfrog skeletons
  A gnoll shaman (D:7)
  2 centaur skeletons
  Natasha (thrice) (D:3)
  A basilisk skeleton (Crypt:2)
  4 iguanas
  24 orc wizards
  7 spriggan simulacra (IceCv)
  A polar bear simulacrum (IceCv)
  36 small abominations
  A troll simulacrum (IceCv)
  3 wolf simulacra (IceCv)
  A killer bee zombie (D:9)
  An acid dragon skeleton (Crypt:3)
  A felid skeleton (Crypt:1)
  A hound skeleton (D:4)
  3 mummies (Ossuary)
  Robin (D:3)
  16 gnolls
  2 howler monkey skeletons (D:7)
  7 naga simulacra
  7 adders
  A swamp drake skeleton (Crypt:2)
  A shadow imp (Abyss:2)
  8 white imps
  16 ufetubi
  2 adder skeletons
  5 dart slugs
  67 orcs
  6 endoplasms
  4 giant cockroaches
  A gnoll zombie (Ossuary)
  18 goblins
  8 hobgoblins
  13 jackals
  23 kobolds
  3 quokkas
  5 ball pythons
  6 bats
  4 frilled lizards (D:1)
  3 goblin zombies (Ossuary)
  3 hobgoblin zombies (Ossuary)
  3 kobold zombies (Ossuary)
  A quokka skeleton (Crypt:3)
  5 rats
  10 briar patches (Lair:1)
  4 lurking horrors
  22 starspawn tentacles
2887 creatures vanquished.

Vanquished Creatures (others)
  A deep elf elementalist (Elf:3)
  2 thrashing horrors
  4 deep elf knights
  A spriggan berserker (Swamp:4)
  A wizard (Depths:4)
  5 deep elf pyromancers
  A wolf spider (Spider:4)
  A will-o-the-wisp (Swamp:2)
  3 bloated husks
  A slime creature (Vaults:1)
  A jumping spider (Spider:4)
  A ynoxinul (Abyss:3)
  2 swamp worms
  A swamp drake (Swamp:4)
  A small abomination (Abyss:3)
  A jelly (Abyss:3)
  6 demonic plants (Abyss:4)
  39 foxfires
  55 fungi
  3 lurking horrors
  87 plants
  31 starspawn tentacles
248 creatures vanquished.

Grand Total: 3135 creatures vanquished

Notes
Turn   | Place    | Note
-------+----------+-------------------------------------------
     0 | D:1      | gimp the Hill Orc Fighter began the quest for the Orb.
     0 | D:1      | Reached XP level 1. HP: 19/19 MP: 1/1
   161 | D:1      | Reached XP level 2. HP: 26/27 MP: 2/2
   349 | D:1      | Found a faded altar of an unknown god.
   620 | D:1      | Reached XP level 3. HP: 30/33 MP: 3/3
  1304 | D:2      | Found a runed translucent door.
  1305 | D:2      | Noticed Crazy Yiuf
  1332 | D:2      | Found an iron altar of Okawaru.
  1358 | D:2      | Became a worshipper of Warmaster Okawaru
  1646 | D:2      | Found Neciam Zeun's Antique Armour Shop.
  1729 | D:2      | Reached XP level 4. HP: 41/41 MP: 4/4
  2459 | D:3      | Reached skill level 5 in Axes
  2459 | D:3      | Reached skill level 1 in Invocations
  2528 | D:3      | Noticed Robin
  2537 | D:3      | Killed Robin
  2687 | D:3      | Reached XP level 5. HP: 27/47 MP: 6/6
  3227 | D:3      | Noticed Natasha
  3235 | D:3      | Killed Natasha
  3403 | D:3      | Reached skill level 5 in Fighting
  3405 | D:3      | Noticed Natasha
  3420 | D:3      | Killed Natasha
  3694 | D:4      | Noticed a lemure
  3694 | D:4      | Noticed a lemure
  3694 | D:4      | Noticed Pikel
  3696 | D:4      | Reached * piety under Okawaru
  3697 | D:4      | Reached XP level 6. HP: 56/56 MP: 6/8
  3709 | D:4      | Killed Pikel
  3709 | D:4      | Reached ** piety under Okawaru
  3710 | D:4      | Reached XP level 7. HP: 31/63 MP: 5/9
  4023 | D:4      | Found a staircase to the Ecumenical Temple.
  4066 | D:4      | Found a sparkling altar of Nemelex Xobeh.
  4155 | D:4      | You fall into a shaft and drop 1 floor!
  4155 | D:5      | Entered Level 5 of the Dungeon
  4171 | D:5      | Reached XP level 8. HP: 51/71 MP: 10/10
  4174 | D:5      | Found a sand-covered staircase.
  4206 | Ossuary  | Entered an ossuary
  4206 | Ossuary  | Noticed a wraith
  4206 | Ossuary  | Noticed a wraith
  4315 | Ossuary  | Noticed a wraith
  4326 | Ossuary  | Killed a wraith
  4454 | Ossuary  | Reached *** piety under Okawaru
  4455 | Ossuary  | Reached skill level 10 in Axes
  4806 | Ossuary  | Noticed a wraith
  4907 | D:5      | Noticed Blork the orc
  4913 | D:5      | Killed Blork the orc
  5035 | D:5      | Noticed Sigmund
  5050 | D:5      | Killed Sigmund
  5476 | D:5      | Noticed Menkaure
  5484 | D:5      | Killed Menkaure
  5485 | D:5      | Reached XP level 9. HP: 70/81 MP: 11/11
  5634 | D:5      | Found a white marble altar of Elyvilon.
  6103 | D:4      | Reached **** piety under Okawaru
  6179 | D:4      | Found a burning altar of Makhleb.
  6354 | D:4      | Noticed Duvessa
  6355 | D:4      | Noticed Dowan
  6363 | D:4      | Killed Duvessa
  6392 | D:4      | Killed Dowan
  7063 | D:6      | Reached skill level 10 in Fighting
  7063 | D:6      | Reached XP level 10. HP: 19/93 MP: 12/12
  7615 | D:6      | Noticed Eustachio
  7622 | D:6      | Killed Eustachio
  7704 | D:7      | Found a flagged portal.
  7708 | D:7      | Reached skill level 15 in Axes
  7724 | Bailey   | Entered a bailey
  8026 | Bailey   | Noticed an orc knight
  8057 | Bailey   | HP: 2/94 [orc knight (20)]
  8065 | Bailey   | HP: 3/141 [orc knight (3)]
  8075 | Bailey   | Killed an orc knight
  8075 | Bailey   | Reached ***** piety under Okawaru
  8461 | Bailey   | Found a burning altar of Makhleb.
  8594 | D:7      | Found a large runed translucent door.
  8595 | D:7      | Found a large runed translucent door.
  8600 | D:7      | Found a large runed translucent door.
  8600 | D:7      | Found a large runed translucent door.
  8604 | D:7      | Noticed a cyclops
  8624 | D:7      | Killed a cyclops
  9241 | D:7      | Noticed Maggie
  9250 | D:7      | Killed Maggie
  9262 | D:7      | Found an iron altar of Okawaru.
  9368 | D:7      | Reached XP level 11. HP: 102/102 MP: 13/13
  9681 | D:7      | Received a gift from Okawaru
  9731 | D:7      | Noticed a cyclops
  9737 | D:7      | Killed a cyclops
 10196 | D:3      | Noticed Natasha
 10201 | D:3      | Killed Natasha
 10240 | D:2      | Bought a glowing cloak for 180 gold pieces
 10240 | D:2      | Bought a runed chain mail for 180 gold pieces
 10666 | D:9      | Noticed a two-headed ogre
 10671 | D:9      | Killed a two-headed ogre
 10671 | D:9      | Identified the +10 scale mail "Ybres" {rC+} (Okawaru gifted
                  | it to you on level 9 of the Dungeon)
 10671 | D:9      | Received a gift from Okawaru
 10672 | D:9      | Reached skill level 5 in Invocations
 10830 | D:9      | Found Huaciur's Jewellery Emporium.
 10960 | D:9      | Noticed a wizard
 10967 | D:9      | Killed a wizard
 10968 | D:9      | Reached skill level 5 in Armour
 11024 | D:9      | Found a staircase to the Lair.
 11565 | D:10     | Entered Level 10 of the Dungeon
 11616 | D:10     | Reached XP level 12. HP: 75/110 MP: 18/18
 12064 | D:10     | Identified the +5 scale mail of Gluttony {Will- Regen+
                  | Int+4 Dex+2} (Okawaru gifted it to you on level 10 of the
                  | Dungeon)
 12064 | D:10     | Received a gift from Okawaru
 12069 | D:10     | Reached skill level 10 in Invocations
 12387 | D:10     | Found an opulent altar of Gozag.
 12714 | D:10     | Found a hide-covered altar of Uskayaw.
 12815 | D:11     | Noticed a two-headed ogre
 12820 | D:11     | Killed a two-headed ogre
 12919 | D:11     | Noticed a two-headed ogre
 12928 | D:11     | Killed a two-headed ogre
 13431 | D:11     | Found a roughly hewn altar of Beogh.
 13447 | D:11     | Reached skill level 4 in Shields
 13983 | D:12     | Reached skill level 10 in Armour
 13983 | D:12     | Reached skill level 5 in Shields
 14040 | D:12     | Found a staircase to the Orcish Mines.
 14161 | D:12     | Noticed a soul eater
 14171 | D:12     | Reached skill level 6 in Shields
 14292 | D:12     | Noticed a seven-headed hydra
 14315 | D:12     | Killed a three-headed hydra
 14537 | D:12     | Reached ****** piety under Okawaru
 14537 | D:12     | Received a gift from Okawaru
 14538 | D:12     | Reached skill level 7 in Shields
 14740 | D:12     | Reached XP level 13. HP: 109/116 MP: 22/22
 14966 | Lair:1   | Entered Level 1 of the Lair of Beasts
 15204 | Lair:1   | Found a transporter.
 15226 | Lair:1   | Reached skill level 8 in Shields
 15306 | Lair:1   | Found a transporter.
 15856 | Lair:2   | Reached skill level 9 in Shields
 15978 | Lair:2   | Reached skill level 1 in Throwing
 16234 | Lair:2   | Noticed Erica
 16245 | Lair:2   | Killed Erica
 16273 | Lair:2   | Reached skill level 10 in Shields
 17223 | Lair:3   | Received a gift from Okawaru
 17227 | Lair:3   | Noticed Gastronok
 17240 | Lair:3   | Reached skill level 11 in Shields
 17252 | Lair:3   | Killed Gastronok
 17944 | Lair:3   | Identified the +3 leather armour of Sloth {rF+}
 18000 | Lair:3   | Received a gift from Okawaru
 18472 | Lair:3   | Reached XP level 14. HP: 124/124 MP: 23/23
 18611 | Lair:4   | Reached skill level 12 in Shields
 18664 | Lair:4   | Found a hole to the Spider Nest.
 18750 | Lair:4   | Found a staircase to the Swamp.
 18758 | Lair:4   | Reached skill level 5 in Throwing
 18765 | Lair:4   | Received a gift from Okawaru
 19777 | Lair:4   | Reached skill level 13 in Shields
 20074 | Swamp:1  | Entered Level 1 of the Swamp
 20239 | Lair:5   | Noticed Sonja
 20507 | Lair:5   | Killed Sonja
 21316 | Lair:5   | Found a staircase to the Slime Pits.
 21542 | Lair:6   | Entered Level 6 of the Lair of Beasts
 21559 | Lair:6   | Reached skill level 14 in Shields
 21838 | Lair:6   | Reached skill level 1 in Evocations
 21956 | Lair:6   | Received a gift from Okawaru
 22202 | Lair:6   | Reached skill level 15 in Shields
 22240 | Lair:6   | Received a gift from Okawaru
 22767 | Lair:6   | Received a gift from Okawaru
 22918 | Lair:6   | Received a gift from Okawaru
 22942 | Lair:6   | Reached XP level 15. HP: 129/129 MP: 24/24
 22960 | Lair:6   | Found the +9 scales of the Dragon King {rPois rF+ rC+
                  | Will+}
 23736 | Orc:1    | Entered Level 1 of the Orcish Mines
 23738 | Orc:1    | Reached XP level 16. HP: 137/137 MP: 25/25
 24083 | Orc:2    | Entered Level 2 of the Orcish Mines
 24170 | Orc:2    | Found a frozen archway.
 24180 | IceCv    | Entered an ice cave
 25079 | IceCv    | Reached skill level 16 in Shields
 25082 | IceCv    | Received a gift from Okawaru
 25538 | Orc:2    | Found a staircase to the Elven Halls.
 25853 | Arena    | Entered the Arena
 26223 | Orc:2    | Found Pis Afet's General Store.
 26391 | Orc:2    | Reached skill level 15 in Armour
 26480 | Orc:2    | Found Qisaesue's Distillery.
 26488 | Orc:2    | Found Xuolacag's Antique Armour Emporium.
 26490 | Orc:2    | Found Cerof's Book Boutique.
 26495 | Orc:2    | Bought a runed tower shield for 195 gold pieces
 26541 | Orc:2    | Bought a potion of heal wounds for 75 gold pieces
 26541 | Orc:2    | Bought a potion of curing for 45 gold pieces
 26541 | Orc:2    | Bought a scroll of enchant weapon for 112 gold pieces
 26543 | Orc:2    | Bought a potion of ambrosia for 136 gold pieces
 26543 | Orc:2    | Bought a potion of ambrosia for 136 gold pieces
 26543 | Orc:2    | Bought a potion of curing for 51 gold pieces
 26543 | Orc:2    | Bought a potion of curing for 51 gold pieces
 26543 | Orc:2    | Bought a potion of heal wounds for 85 gold pieces
 26674 | D:13     | Noticed Nessos
 26689 | D:13     | Killed Nessos
 27132 | D:13     | Noticed Erolcha
 27138 | D:13     | Killed Erolcha
 27153 | D:13     | Received a gift from Okawaru
 27325 | D:13     | Found a gate to the Vaults.
 27655 | D:14     | Reached skill level 10 in Evocations
 28544 | D:15     | Entered Level 15 of the Dungeon
 28547 | D:15     | Identified the +0 tower shield of Responsibility {+Inv}
                  | (Okawaru gifted it to you on level 15 of the Dungeon)
 28547 | D:15     | Received a gift from Okawaru
 28842 | D:15     | Reached XP level 17. HP: 144/144 MP: 26/26
 28962 | D:15     | Found a staircase to the Depths.
 28985 | D:15     | Reached skill level 17 in Shields
 29750 | D:9      | Bought a ring of flight for 227 gold pieces
 31498 | Swamp:2  | Noticed Nikola
 31518 | Swamp:2  | Killed Nikola
 31518 | Swamp:2  | Received a gift from Okawaru
 32644 | Swamp:3  | Found a runed translucent door.
 33277 | Swamp:4  | Entered Level 4 of the Swamp
 33290 | Swamp:4  | Identified the +4 chain mail "Qaintysm" {rElec Int+4}
 33360 | Swamp:4  | Received a gift from Okawaru
 33417 | Swamp:4  | Identified a scroll of acquirement
 33581 | Swamp:4  | Reached XP level 18. HP: 133/151 MP: 27/27
 33658 | Swamp:4  | Reached skill level 18 in Shields
 33773 | Swamp:4  | Got a decaying rune of Zot
 33803 | Swamp:4  | Received a gift from Okawaru
 34709 | Spider:1 | Entered Level 1 of the Spider Nest
 34709 | Spider:1 | Noticed Jorgrun
 34712 | Lair:4   | Acquired the +0 pair of gloves of Wu Jian's Regard {Dex+3}
 34996 | Spider:1 | Killed Jorgrun
 35430 | Spider:1 | Received a gift from Okawaru
 35436 | Spider:1 | Reached skill level 15 in Evocations
 37793 | Spider:3 | Reached skill level 19 in Shields
 37963 | Spider:3 | Identified the +1 cloak "Xioshugit" {rF- Int+7 Dex-4 SInv}
                  | (Okawaru gifted it to you on level 3 of the Spider Nest)
 37963 | Spider:3 | Received a gift from Okawaru
 38531 | Spider:4 | Entered Level 4 of the Spider Nest
 38705 | Spider:4 | Noticed Kirke
 38712 | Spider:4 | Reached XP level 19. HP: 157/157 MP: 25/28
 38719 | Spider:4 | Killed Kirke
 39329 | Spider:4 | Reached skill level 20 in Shields
 39755 | Spider:4 | Identified the +1 pair of gloves of Fortitude {rCorr Dex+6}
                  | (Okawaru gifted it to you on level 4 of the Spider Nest)
 39755 | Spider:4 | Received a gift from Okawaru
 40214 | Spider:4 | Got a gossamer rune of Zot
 40770 | Vaults:1 | Entered Level 1 of the Vaults
 42166 | Vaults:1 | Reached skill level 1 in Dodging
 42202 | Vaults:1 | Reached skill level 21 in Shields
 42375 | Vaults:1 | Received a gift from Okawaru
 42389 | Vaults:1 | Reached XP level 20. HP: 121/165 MP: 29/29
 43154 | Vaults:2 | Received a gift from Okawaru
 43262 | Vaults:2 | Received a gift from Okawaru
 43507 | Vaults:2 | Found a staircase to the Crypt.
 44306 | Vaults:2 | Found a transporter.
 44378 | Vaults:2 | Received a gift from Okawaru
 44538 | Vaults:2 | Found Usait's Assorted Antiques.
 44545 | Vaults:2 | Bought a potion of mutation for 216 gold pieces
 44589 | Vaults:2 | Received a gift from Okawaru
 44687 | Vaults:2 | Found a transporter.
 44687 | Vaults:2 | Found a transporter.
 44703 | Vaults:2 | Found a transporter.
 44722 | Vaults:2 | Found a transporter.
 44804 | Vaults:2 | Reached skill level 10 in Throwing
 44815 | Vaults:2 | Reached skill level 5 in Dodging
 45275 | Vaults:2 | Identified the +1 pair of gloves of Mutusuan {Str+3 Dex+4}
 45609 | Vaults:3 | Reached XP level 21. HP: 124/171 MP: 30/30
 45641 | Vaults:3 | Reached skill level 22 in Shields
 46221 | Vaults:3 | Received a gift from Okawaru
 46667 | Vaults:3 | Found a portal to a secret trove of treasure.
 47770 | Vaults:4 | Paralysed by a great orb of eyes for 7 turns
 47780 | Vaults:4 | Identified the +2 ring mail "Inannudd" {Str+3 SInv}
                  | (Okawaru gifted it to you on level 4 of the Vaults)
 47780 | Vaults:4 | Received a gift from Okawaru
 47986 | Vaults:4 | Noticed a dread lich
 47994 | Vaults:4 | Paralysed by a dread lich for 6 turns
 48331 | Vaults:4 | Found Zaonuod's Distillery.
 48339 | Vaults:4 | Bought a potion of curing for 45 gold pieces
 48339 | Vaults:4 | Bought a potion of heal wounds for 75 gold pieces
 48339 | Vaults:4 | Bought a potion of ambrosia for 120 gold pieces
 48339 | Vaults:4 | Bought a potion of curing for 45 gold pieces
 48339 | Vaults:4 | Bought 2 potions of heal wounds for 150 gold pieces
 48339 | Vaults:4 | Bought a potion of resistance for 150 gold pieces
 48615 | Vaults:4 | Killed a dread lich
 49259 | Depths:1 | Entered Level 1 of the Depths
 49400 | Depths:1 | Found a gateway to Hell.
 49469 | Depths:1 | Found a transporter.
 49471 | Depths:1 | Found a transporter.
 49687 | Depths:1 | Noticed Sojobo
 49693 | Arena    | Entered the Arena
 49717 | Arena    | Paralysed by an air elemental for 1 turns
 49734 | Arena    | Killed Sojobo
 49761 | Depths:1 | Reached XP level 22. HP: 59/179 MP: 25/31
 50296 | Depths:1 | Received a gift from Okawaru
 50377 | Depths:1 | Found a transporter.
 50549 | Depths:1 | Found a transporter.
 50614 | Depths:1 | Found Kuizain's Armour Boutique.
 50896 | Depths:1 | Found a transporter.
 50901 | Depths:1 | Found a transporter.
 51339 | Depths:2 | Identified the +1 pair of boots of the Zebra {Drain rC+
                  | Int+2} (Okawaru gifted it to you on level 2 of the Depths)
 51339 | Depths:2 | Received a gift from Okawaru
 51391 | Depths:2 | Found a magical portal.
 51400 | WizLab   | Entered Eringya's Formal Garden
 51524 | WizLab   | Reached skill level 23 in Shields
 52237 | WizLab   | Found a blossoming altar of Fedhas.
 52449 | Depths:2 | Found Veufovuz's Weapon Shoppe.
 52479 | Depths:2 | You fall into a shaft and drop 1 floor!
 52676 | Depths:3 | Found a one-way gateway to a ziggurat.
 52779 | Depths:3 | Received a gift from Okawaru
 52780 | Depths:3 | Reached skill level 15 in Throwing
 52886 | Depths:3 | Noticed the Enchantress
 52915 | Depths:3 | Killed the Enchantress
 53253 | Depths:3 | Noticed Xtahua
 53270 | Depths:3 | Killed Xtahua
 53497 | Depths:2 | Found Leem's Book Emporium.
 53643 | Depths:2 | Received a gift from Okawaru
 53644 | Depths:2 | Reached XP level 23. HP: 185/185 MP: 26/32
 53682 | Depths:2 | Found a one-way gate leading to the halls of Pandemonium.
 53790 | Depths:2 | Received a gift from Okawaru
 54100 | Depths:2 | Found a one-way gate to the infinite horrors of the Abyss.
 54161 | Depths:2 | Found Omuhap's Assorted Antiques.
 54173 | Depths:2 | Bought 3 yellow potions for 94 gold pieces
 54231 | Depths:2 | Noticed Aizul
 54243 | Depths:2 | Killed Aizul
 55296 | Depths:3 | Received a gift from Okawaru
 55466 | Depths:3 | Identified the +8 halberd "Dafisefu" {flame, Dex+4}
                  | (Okawaru gifted it to you on level 3 of the Depths)
 55466 | Depths:3 | Received a gift from Okawaru
 55553 | Depths:3 | Reached skill level 10 in Dodging
 55826 | Depths:4 | Entered Level 4 of the Depths
 55968 | Depths:4 | Noticed Boris
 56341 | Lair:1   | Identified the amulet "Naifo" {Regen+ Slay+3}
 56736 | Elf:1    | Entered Level 1 of the Elven Halls
 56779 | Elf:1    | Paralysed by an air elemental for 1 turns
 56950 | Elf:1    | Reached skill level 24 in Shields
 57155 | Elf:1    | Noticed Louise
 57172 | Elf:1    | Killed Louise
 57204 | Elf:1    | Received a gift from Okawaru
 57256 | Elf:1    | Found a runed translucent gate.
 57256 | Elf:1    | Found a runed translucent gate.
 57839 | Elf:1    | Found a runed translucent gate.
 57841 | Elf:1    | Noticed grumblor's ghost (adept DDBe)
 57841 | Elf:1    | Noticed Urgle's ghost (adept GnFi)
 57900 | Elf:1    | Killed Urgle's ghost
 57921 | Elf:1    | Killed grumblor's ghost
 58250 | Elf:2    | Identified the +4 shortbow "Wunih" {flame, MP-9 Str+3
                  | Int+6}
 58438 | Elf:2    | Got the Tome of Sand
 58557 | Elf:2    | Got the Incunabulum of Plaster Cramp
 58646 | Elf:2    | Paralysed by an air elemental for 1 turns
 58672 | Elf:2    | Found Xisuelem's Distillery.
 58679 | Elf:2    | Bought a potion of heal wounds for 75 gold pieces
 58679 | Elf:2    | Bought a potion of mutation for 120 gold pieces
 58679 | Elf:2    | Bought a potion of mutation for 120 gold pieces
 58679 | Elf:2    | Bought a potion of cancellation for 120 gold pieces
 58719 | Elf:2    | Received a gift from Okawaru
 58912 | Elf:2    | Found a runed translucent gate.
 58913 | Elf:2    | Found a runed translucent gate.
 58913 | Elf:2    | Found a runed translucent gate.
 59121 | Elf:2    | Received a gift from Okawaru
 59542 | Elf:3    | Entered Level 3 of the Elven Halls
 59634 | Elf:3    | Found a shimmering blue altar of Sif Muna.
 59690 | Elf:3    | Reached XP level 24. HP: 185/204 MP: 32/32
 59826 | Elf:3    | Reached skill level 25 in Shields
 60376 | Elf:3    | Reached skill level 15 in Fighting
 60800 | Elf:2    | Received a gift from Okawaru
 61046 | Elf:3    | Received a gift from Okawaru
 61344 | Elf:3    | Identified the +10 dagger "Uhuc" {vorpal, rN+ MP+9 Int+4}
 61412 | Elf:3    | Identified the amulet of Ymodathre {Reflect -Cast rPois
                  | Str+2 Dex+4 SH+5}
 61609 | Elf:3    | Found the +2 hat of the Bear Spirit {Spirit, *Rage Will++}
 62179 | Slime:1  | Entered Level 1 of the Pits of Slime
 62213 | Slime:1  | Found a viscous altar of Jiyva.
 63695 | Slime:4  | Received a gift from Okawaru
 64093 | Slime:5  | Entered Level 5 of the Pits of Slime
 64245 | Slime:5  | Gained mutation: You are dopey. (Int -2) [a shining eye]
 64324 | Slime:5  | Received a gift from Okawaru
 64336 | Slime:5  | Noticed the Royal Jelly
 64363 | Slime:5  | Killed the Royal Jelly
 65011 | Slime:5  | Found the +3 warlock's mirror {reflect}
 65022 | Slime:5  | Got a slimy rune of Zot
 65025 | Slime:5  | Identified the +0 plate armour of Voymud {rElec Regen+
                  | Int+3 SInv}
 65042 | Slime:5  | Found the +8 longbow "Zephyr" {speed, Dex+3 SInv}
 65068 | Slime:5  | Found the brooch of Shielding {Spirit SH+8}
 65073 | Slime:5  | Got the Disquisition on the Voyage and the Mountains
 65110 | Slime:5  | Identified the +1 scythe of Welfare {antimagic, Int+3
                  | Dex-2}
 65715 | Temple   | Entered the Ecumenical Temple
 65906 | Temple   | Fell from the grace of Okawaru
 65906 | Temple   | Became a worshipper of the Shining One
 66274 | Crypt:1  | Entered Level 1 of the Crypt
 66327 | Crypt:1  | Reached XP level 25. HP: 205/226 MP: 32/32
 66426 | Crypt:1  | Reached * piety under the Shining One
 67339 | Crypt:1  | Reached ** piety under the Shining One
 67860 | Crypt:2  | Reached *** piety under the Shining One
 68032 | Crypt:2  | Reached **** piety under the Shining One
 69377 | Crypt:3  | Entered Level 3 of the Crypt
 69377 | Crypt:3  | Found a staircase to the Tomb.
 69451 | Crypt:3  | Reached ***** piety under the Shining One
 69806 | Crypt:3  | Reached skill level 15 in Invocations
 69817 | Crypt:3  | Found a runed translucent gate.
 69820 | Crypt:3  | Found a runed translucent gate.
 69821 | Crypt:3  | Found a runed translucent gate.
 69828 | Crypt:3  | Noticed Faniseus's ghost (veteran VSFi)
 69895 | Crypt:3  | Killed Faniseus's ghost
 70053 | Crypt:3  | Reached ****** piety under the Shining One
 70378 | Crypt:3  | Noticed an ancient lich
 70400 | Crypt:3  | Killed an ancient lich
 70407 | Crypt:3  | Found the +14 obsidian axe {vorpal, Mesm Drain Fly SInv}
 70431 | Crypt:3  | Identified the +8 flail of Crystal {vorpal, Fly rCorr}
 71703 | Temple   | Fell from the grace of the Shining One
 71703 | Temple   | Became a worshipper of Zin the Law-Giver
 71703 | Temple   | Reached * piety under Zin
 71703 | Temple   | Reached ** piety under Zin
 71703 | Temple   | Reached *** piety under Zin
 71703 | Temple   | Reached **** piety under Zin
 71703 | Temple   | Reached ***** piety under Zin
 72186 | Depths:2 | Found a runed translucent door.
 72491 | Depths:2 | Noticed a juggernaut
 72494 | Depths:2 | Found a runed translucent door.
 72518 | Depths:2 | Killed a juggernaut
 72592 | Depths:2 | Identified the ring of Reply {Contam rF+ Will- Dex+9
                  | Stlth+}
 72870 | Depths:4 | Reached XP level 26. HP: 200/231 MP: 35/35
 73288 | Depths:3 | Killed Boris
 73617 | Depths:4 | Found a gate to the Realm of Zot.
 73623 | Depths:4 | Noticed a shard shrike
 73623 | Depths:4 | an iron dragon changed into a shard shrike
 73629 | Depths:4 | a shard shrike changed into a titan
 74048 | Depths:4 | Found Xoilekhui's Book Shop.
 74048 | Depths:4 | Found Luorch Exzix's Jewellery Shoppe.
 74049 | Depths:4 | Found Gyapoem's Jewellery Shoppe.
 74137 | Depths:3 | Voluntarily entered the Abyss.
 74556 | Depths:3 | Escaped the Abyss
 74772 | Depths:3 | Voluntarily entered the Abyss.
 74849 | Abyss:1  | Noticed an ancient lich
 74865 | Abyss:1  | Killed an ancient lich
 74985 | Abyss:1  | Noticed a dread lich
 74998 | Abyss:1  | Killed a dread lich
 76162 | Abyss:4  | Found a shadowy altar of Dithmenos.
 76831 | Abyss:4  | Noticed a dread lich
 76839 | Abyss:4  | Paralysed by a dread lich for 3 turns
 76857 | Abyss:5  | Entered Level 5 of the Abyss
 76857 | Abyss:5  | Found a corrupted altar of Lugonu.
 76866 | Depths:3 | Escaped the Abyss
 76992 | Depths:3 | Voluntarily entered the Abyss.
 77011 | Abyss:1  | Paralysed by accursed screaming for 1 turns
 77048 | Abyss:1  | Found an ornate altar of the Wu Jian Council.
 77082 | Depths:3 | Escaped the Abyss
 77185 | Depths:3 | Voluntarily entered the Abyss.
 77766 | Abyss:2  | Paralysed by accursed screaming for 1 turns
 78191 | Abyss:3  | Found a corrupted altar of Lugonu.
 78643 | Abyss:3  | Donated 2235 gold pieces to Zin
 79944 | Abyss:4  | Collided with a starcursed mass

Illustrated notes

Levels and vault maps discovered:
D:1:      evilmike_arrival_home_sweet_home, layout_basic,
          chequers_ecumenical_altar_simple, serial_bayou_pond_e
D:2:      layout_basic, basic_altar, serial_shops, nicolae_square_shop,
          uniq_crazy_yiuf_cottage
D:3:      layout_basic, minmay_misc_feat_doors, serial_bayou_lagoon_a,
          corexii_shack, minmay_tree_intersection, kennysheep_generic_room_6,
          uniq_natasha, uniq_robin
D:4:      layout_basic, lemuel_round_altar, mainiacjoe_overflow_chevrons,
          temple_fountains, uniq_pikel, uniq_duvessa
D:5:      layout_layer_cave, mainiacjoe_overflow_small_starburst,
          lightli_ossuary_entry_decrepit_ruins, uniq_blork_the_orc,
          uniq_sigmund, uniq_menkaure
D:6:      layout_gridville, uniq_eustachio
D:7:      layout_rooms, okawaru_metal_pillars_3, enter_bailey_3,
          minmay_statues_item, minmay_hollow_rounded_squares, uniq_maggie
D:8:      layout_basic
D:9:      layout_roguey, erik_lair_orcish_takeover, serial_shops,
          nicolae_shop_crystal, minmay_fractal_squares_diagonal_5
D:10:     layout_rooms, nicolae_gozag_seed_capital,
          nicolae_uskayaw_dance_studio, fungi_pond_lemuel, st_stairs_4,
          hex_medium, david_greed
D:11:     layout_gridville, special_room [special_room_orc]
D:12:     layout_big_octagon, orc_0_dummy, kennysheep_cross_bottleneck
D:13:     layout_irregular_city, david_vaults_5, uniq_nessos, uniq_erolcha
D:14:     layout_loops_ring, grunt_ministairs_3, pond
D:15:     gammafunk_depths_entry_grave, layout_cave_pools
Temple:   nicolae_temple_elliptical
Lair:1:   gammafunk_worm_tunnel, layout_chaotic_city, grunt_megastairs_2,
          infiniplex_staircase_pool_2
Lair:2:   layout_chaotic_city, grunt_megastairs_3, lemuel_fruit_fields,
          serial_bayou_shore_b, lemuel_fruit_tree, uniq_erica
Lair:3:   layout_cave_pods, cheibrodos_lair_lostbears, serial_bayou_shore_b,
          uniq_gastronok
Lair:4:   layout_roguey, minmay_swamp_entry_reptiles,
          spider_nest_entry_funnel_web
Lair:5:   layout_cave_pods, dpeg_slime_entry_corner, minmay_holes, uniq_sonja
Lair:6:   gammafunk_lair_ancient_temple, layout_cave_pods
Swamp:1:  layout_basic_swamp, nicolae_swamp_dense_foliage
Swamp:2:  layout_basic_swamp, evilmike_swamp_ruin_house_5, swamp_pool2,
          uniq_nikola
Swamp:3:  layout_basic_swamp, infiniplex_staircase_pool, swamp_pool1,
          nzn_swamp_weyward_sisters
Swamp:4:  swamp_basic_johnstein, layout_basic_swamp
Spider:1: layout_spider_delve, uniq_jorgrun
Spider:2: layout_spider_delve
Spider:3: layout_spider_delve, spiders_nest_ghost_moth_duel,
          nicolae_spider_cling_halls
Spider:4: grunt_spider_rune_island, drop_trap, uniq_kirke
Slime:1:  layout_caves, basic_altar
Slime:2:  layout_caves
Slime:3:  layout_caves, cheibrodos_slime_lost_civilization_4
Slime:4:  cheibrodos_slime_lost_civilization_9, layout_caves
Slime:5
Orc:1:    layout_caves
Orc:2:    st_orc_elflike, layout_caves, portal_ice_cave_entry_pillars_1,
          nicolae_orc_stony_grotto, nicolae_orc_flooded_monolith, mines5_lemuel
Elf:1:    elf_arrival_002, layout_loops_corners, gammafunk_ghost_cemetery,
          minmay_elf_demonology, uniq_louise
Elf:2:    nicolae_elf_blades_crystal_corner, layout_loops_cross, serial_shops,
          shop, bh_hangedman_babel_library
Elf:3:    minmay_elf_hall_circle, layout_geoelf_diagonals, basic_altar
Vaults:1: nicolae_vaults_hallways_thing, vaults_room_guarded_vault,
          nicolae_vaults_border_crossing, vaults_room_fours,
          nicolae_vaults_big_ls, nicolae_vaults_bisected_exclaves,
          dpeg_vaults_monster_box, layout_vaults_omnigrid
Vaults:2: grunt_vaults_funnel, vaults_room_octagon,
          minmay_crypt_entry_simple_plaza, v_alt_pattern_2,
          nicolae_vaults_stairing_the_circle, ontoclasm_vaults_ring_small,
          nicolae_vaults_angled_halls, gammafunk_the_bubble
          [the_bubble_gammafunk_roulette], nicolae_vaults_twisting_passages,
          ontoclasm_vaults_gateway, vaults_mumra_hexcomb, vaults_dpeg_hooks,
          hangedman_vaults_stagger, vaults_room_hallway, layout_vaults_maze,
          serial_shops, shop
Vaults:3: nicolae_vaults_disjoint_gnomons, nicolae_vaults_disjoint_gnomons,
          v_pattern_5, vaults_room_hallway, vaults_mumra_minichess, v_misc_28,
          ontoclasm_vaults_shuriken, nicolae_vaults_windows_and_doors_thing,
          hangedman_vaults_corner_blocks, nicolae_vaults_theta,
          nicolae_vaults_circle_grid_a, nicolae_vaults_asterisk,
          layout_vaults_omnicross, enter_trove_5
Vaults:4: nicolae_vaults_halls_meeting, vaults_mumra_lcd, v_alt_pattern_1,
          vaults_dpeg_doors, v_misc_8, v_pattern_2,
          nicolae_vaults_circle_grid_a, vaults_dpeg_encased_lava,
          vaults_room_pools, layout_vaults_ring, serial_shops,
          nicolae_shop_trees
Crypt:1:  layout_gridlike
Crypt:2:  layout_gridlike, nicolae_crypt_little_mausoleum, lemuel_elevator
Crypt:3:  due_elkab, layout_chaotic_city, gammafunk_ghost_necromancy,
          grunt_ministairs_9
Depths:1: layout_honeycomb, nrook_campfire, hell_entry, serial_nicolae_subway,
          nicolae_sub_station_stone, nicolae_sub_station_metal,
          nicolae_sub_station_crystal, infiniplex_staircase_pool_lava,
          serial_bayou_shore_b, minmay_shop_star, grunt_megastairs_5,
          firewood_loft, uniq_sojobo
Depths:2: minmay_expanding_circles, layout_honeycomb, grunt_metal_band,
          abyss_entry, pan_entry, mu_enter_wizlab_6, serial_shops,
          kennysheep_little_box, nicolae_shop_bloodbath_and_beyond,
          nicolae_take_the_stairs, chequers_serial_rivers_small_3,
          infiniplex_staircase_zigzag_4, uniq_aizul
Depths:3: minmay_inner_zag, layout_honeycomb, enter_ziggurat_e, abyss_entry,
          pf_hell_entry_tar_river, infiniplex_staircase_squiggle, uniq_xtahua,
          uniq_enchantress
Depths:4: grunt_crosshair, layout_cave_pools, hell_entry, special_room
          [special_room_magic_class], minmay_shop_grove
Abyss:4:  hangedman_abyss_or_decor_passed, nicolae_abyss_rune_star_stuff, base:
          Depths:4, evilmike_abyss_exit_4, minivault_22, minivault_22,
          minivault_26, minivault_4, evilmike_abyss_exit_plants,
          evilmike_nicolae_abyss_rune_betentacled_crabyss,
          nicolae_abyss_rune_left_handed, base: Depths:4, evilmike_abyss_exit_9,
          minivault_20, hangedman_abyss_or_decor_lesser_grid

Skill      XL: |  1  2  3  4  5  6  7  8  9 10 11 12 13 14 15 16 17 18 19 20 21 22 23 24 25 26 |
---------------+-------------------------------------------------------------------------------+-----
Axes           | 3 4 5 6 8 9 11 14 17 18 20 | 20.0
Fighting       | 4 5 6 8 10 11 14 18 21 22 | 22.8
Invocations    | 1 2 3 9 12 13 17 19 | 19.7
Armour         | 7 10 12 14 15 16 18 20 | 20.0
Shields        | 7 11 15 16 17 19 21 22 23 24 25 | 25.0
Throwing       | 4 6 7 10 13 15 16 | 16.0
Evocations     | 3 7 11 13 15 | 15.0
Dodging        | 2 5 7 9 10 | 10.0

Action                   |  1- 3 |  4- 6 |  7- 9 | 10-12 | 13-15 | 16-18 | 19-21 | 22-24 | 25-27 || total
-------------------------+-------+-------+-------+-------+-------+-------+-------+-------+-------++-------
Melee: War axe           |   152 |   111 |   240 |   190 |       |       |       |       |       ||   693
       Broad axe         |       |       |       |   432 |   636 |  1514 |  1530 |  1834 |  2816 ||  8762
Throw: Dart              |       |       |       |     1 |       |       |       |     5 |       ||     6
       Javelin           |       |       |       |       |       |       |       |    49 |       ||    49
Invok: Heroism           |       |     1 |     2 |     9 |     4 |    17 |    15 |    14 |       ||    62
       Finesse           |       |       |       |     1 |       |     1 |     5 |     3 |       ||    10
       Duel              |       |       |       |       |       |     1 |     1 |       |       ||     2
       Divine Shield     |       |       |       |       |       |       |       |       |     8 ||     8
       Vitalisation      |       |       |       |       |       |       |       |       |     7 ||     7
       Recite            |       |       |       |       |       |       |       |       |     6 ||     6
       Sanctuary         |       |       |       |       |       |       |       |       |     1 ||     1
       Donate Gold       |       |       |       |       |       |       |       |       |     1 ||     1
Evoke: Wand              |       |       |       |       |     3 |     3 |       |     1 |       ||     7
       Tin of tremorston |       |       |       |       |       |       |     2 |       |       ||     2
       Phial of floods   |       |       |       |       |       |       |       |     1 |       ||     1
  Use: Scroll            |       |       |    11 |    11 |     3 |    11 |     8 |     4 |     3 ||    51
       Potion            |       |       |       |    10 |     2 |     1 |     2 |     2 |     4 ||    21
 Stab: Distracted        |       |       |       |     1 |       |       |       |       |       ||     1
       Paralysed         |       |       |       |       |       |     2 |       |       |       ||     2
       Confused          |       |       |       |       |       |       |       |       |     3 ||     3
       Petrifying        |       |       |       |       |       |       |       |       |     2 ||     2
       Invisible         |       |       |       |       |       |       |       |       |     1 ||     1
Armor: Scale mail        |    79 |     3 |       |   114 |   251 |       |       |       |       ||   447
       Plate armour      |       |    53 |    70 |    81 |       |       |       |       |       ||   204
       Skin              |       |       |       |     2 |       |       |       |       |       ||     2
       Gold dragon scale |       |       |       |       |    24 |   673 |   481 |   332 |   703 ||  2213
Dodge: Dodged            |    82 |    46 |   112 |   339 |   316 |   288 |   262 |   279 |   385 ||  2109
Block: Buckler           |    45 |    27 |    34 |   112 |   171 |       |       |       |       ||   389
       Tower shield      |       |       |       |       |     3 |  1550 |  1860 |  2034 |  3130 ||  8577
       Reflection        |       |       |       |       |       |       |    55 |   187 |    67 ||   309

Table legend: (Time is in decaauts)
 A = Elapsed time spent in this place.
 B = Non-inter-level travel time spent in this place.
 C = Inter-level travel time spent in this place.
 D = Time resting spent in this place.
 E = Time spent auto-exploring this place.
 F = Levels seen in this place.
 G = Mean time per level.
                   A        B        C        D        E       F      G
               +--------+--------+--------+--------+--------+-----+--------+
         Total |  77979 |  71723 |   6256 |   5135 |  50385 |  71 | 1098.3 |
       Dungeon |  18167 |  15441 |   2726 |     97 |  12632 |  15 | 1211.1 |
        Temple |    233 |    194 |     39 |      0 |    157 |   1 |  233.0 |
          Lair |   9771 |   8811 |    960 |    641 |   6964 |   6 | 1628.5 |
         Swamp |   4737 |   4578 |    159 |      0 |   3765 |   4 | 1184.2 |
   Spider Nest |   5475 |   5042 |    433 |    663 |   3280 |   4 | 1368.8 |
    Slime Pits |   3248 |   3104 |    144 |    616 |   1889 |   5 |  649.6 |
  Orcish Mines |   1793 |   1560 |    233 |    306 |    824 |   2 |  896.5 |
   Elven Halls |   4867 |   4601 |    266 |    775 |   2596 |   3 | 1622.3 |
        Vaults |   8323 |   7649 |    674 |    136 |   6019 |   4 | 2080.8 |
         Crypt |   4825 |   4638 |    187 |    247 |   3260 |   3 | 1608.3 |
        Depths |   8073 |   7644 |    429 |   1079 |   4962 |   4 | 2018.2 |
         Abyss |   4956 |   4956 |      0 |    151 |   1814 |  14 |  354.0 |
       Ossuary |    606 |    606 |      0 |      0 |    463 |   1 |  606.0 |
        Bailey |    773 |    773 |      0 |     40 |    546 |   1 |  773.0 |
      Ice Cave |   1154 |   1154 |      0 |    346 |    567 |   1 | 1154.0 |
        Wizlab |    914 |    914 |      0 |     18 |    646 |   1 |  914.0 |
         Arena |     57 |     57 |      0 |     17 |      0 |   2 |   28.5 |
               +--------+--------+--------+--------+--------+-----+--------+

Top non-repeatable levels by time:
Depths:3: 2804 daAuts
Vaults:1: 2548 daAuts
   Elf:2: 2383 daAuts
Depths:2: 2340 daAuts
 Abyss:3: 2318 daAuts
  Lair:4: 2175 daAuts
Vaults:2: 2138 daAuts
Vaults:3: 2096 daAuts
Depths:1: 2039 daAuts
  Lair:6: 2028 daAuts
 Crypt:1: 1818 daAuts
Spider:2: 1798 daAuts
 Crypt:3: 1740 daAuts
  Lair:3: 1663 daAuts
    D:11: 1604 daAuts
